[Event "German Rapid Championship 2022"]
[Site "Goettingen"]
[Date "2022.09.24"]
[Round "1.2"]
[White "Fridman, Daniel"]
[Black "Schenderowitsch, Michael"]
[Result "*"]
[ECO "E39"]
[WhiteElo "2607"]
[BlackElo "2292"]
[Annotator "TA"]
[PlyCount "122"]
[EventDate "2022.09.24"]
[EventType "swiss"]
[EventCountry "GER"]
[SourceTitle "playchess.com"]
[Source "ChessBase"]
[SourceQuality "1"]
[TimeControl "900+10"]

1. d4 e6 2. c4 Nf6 3. Nc3 Bb4 4. Qc2 c5 5. dxc5 O-O 6. Nf3 Na6 7. g3 Nxc5 8. Bg2 Nce4 9. O-O Bxc3 {[%emt 0:02:18] E39: Nimzo-Indian: Classical: 4...c5 5 dxc5 0-0.} 10. bxc3 Qa5 11. Nd4 d5 {[%emt 0:01:54] The position is equal.} 12. cxd5 exd5 13. c4 Qc5 (13... Bd7 $11) 14. Bb2 $14 Qxc4 15. Qxc4 dxc4 16. Rfc1 Bd7 17. Rxc4 (17. f3 $5 Nc5 18. Rxc4 $16) 17... Rac8 {[%emt 0:00:19] Inhibits Rc7.} 18. Rac1 Nd6 19. Rc5 Rxc5 20. Rxc5 Rc8 21. Ba3 {[%emt 0:00:21] A strong pair of Bishops.} Nde4 22. Rxc8+ Bxc8 23. Bb4 {[%emt 0:00:04] [#]} Bd7 $146 ({Predecessor:} 23... b6 24. f3 Nd5 25. Be1 Nd6 26. e4 Ne3 27. Bh1 Bb7 28. Bb4 Ndc4 29. f4 a5 30. Be1 Nb2 {½-½ (43) Goryachkina,A (2452)-Warakomska,A (2343) Riga 2017}) 24. a3 b6 25. f3 Nc5 26. e4 {[%emt 0:00:04] Against Nd5} Ba4 27. Bf1 a5 28. Bc3 Nfd7 29. Kf2 Kf8 30. Ke3 g6 31. f4 Ke7 32. Bg2 f6 33. Bf1 Nf8 34. g4 Bd7 (34... Nfd7 $14) 35. f5 $16 Na4 36. Ba1 Nc5 37. h4 gxf5 38. Nxf5+ Kf7 39. Bc4+ Be6 {[%emt 0:00:02] [#]} 40. Bd5 (40. Bd4 $1 $16) 40... Nfd7 $1 $14 41. Bd4 Nb3 (41... Bxd5 $14 42. exd5 Nb3) 42. Nd6+ $18 Ke7 43. Nc8+ Kf7 44. Bxb6 ({Not} 44. Nxb6 Nxd4 45. Bxe6+ Kxe6 $11) 44... a4 45. Bd8 {[%emt 0:00:34] And now Nd6+ would win.} Bxd5 (45... Nbc5 $142 46. Nb6 Ne5) 46. exd5 {[%emt 0:00:01][%mdl 4096] Endgame KBN-KNN} Ne5 47. Nb6 Nxg4+ 48. Kf4 Ne5 49. Bc7 ({White has to play} 49. Nxa4 $18 {Strongly threatening Nb6.} Ng6+ 50. Kg3) 49... Nd3+ (49... Ng6+ $14 50. Ke3 Nxh4) 50. Kf5 $2 (50. Ke3 $18 Ndc5 51. Bd6) 50... Ndc5 $14 51. Kf4 $2 (51. Bd6 $14) 51... Nd3+ $18 52. Ke3 Ndc5 {[%emt 0:00:04] [#]} (52... Ne1 {was necessary.} 53. Nxa4 Ke7) 53. h5 (53. Bd6 $1 $18) 53... Ke8 $2 (53... Ke7 $16 54. Bh2 f5) 54. Bd6 Kf7 (54... Nd7 $142) 55. Kf3 $2 (55. Bxc5 {aiming for Bb4.} Nxc5 56. Kd4 Nb3+ 57. Kc3) 55... Nd4+ 56. Kg4 $2 ({White must play} 56. Kf4 $18 Nd3+ 57. Ke4) 56... Ndb3 (56... f5+ $11 57. Kf4 Nd3+ 58. Ke3 Nb5) 57. Kf4 Nd3+ 58. Ke3 Ndc5 59. Nc4 $2 (59. Bxc5 $18 {Bb4 is the strong threat.} Nxc5 60. Kd4 Nb3+ 61. Kc3) 59... Nd7 $16 {[%emt 0:00:10] [#]} 60. Bb4 $1 Ndc5 $2 (60... Kg7 $16) 61. Nd6+ $18 Kg7 {[%emt 0:00:09] Weighted Error Value: White=0.36/Black=0.37} *

[Event "German Rapid Championship 2022"]
[Site "Goettingen"]
[Date "2022.09.24"]
[Round "1.3"]
[White "Schmidt, Tobias"]
[Black "Bluebaum, Matthias"]
[Result "0-1"]
[ECO "C07"]
[WhiteElo "2262"]
[BlackElo "2647"]
[Annotator "TA"]
[PlyCount "132"]
[EventDate "2022.09.24"]
[EventType "swiss"]
[EventCountry "GER"]
[SourceTitle "playchess.com"]
[Source "ChessBase"]
[SourceQuality "1"]
[TimeControl "900+10"]

1. e4 e6 2. d4 d5 3. Nd2 c5 4. exd5 Qxd5 5. Ngf3 cxd4 6. Bc4 Qd6 7. O-O Nf6 8. Nb3 Nc6 9. Nbxd4 Nxd4 10. Qxd4 Qxd4 11. Nxd4 Bd7 12. Bf4 Rc8 13. Bb3 Bc5 14. Rad1 O-O 15. Nf3 {[%emt 0:03:03] C07: French Tarrasch: 3...c5, 4 Ngf3 and 4 exd5 Qxd5.} Rfd8 16. Bd6 Ne4 17. Bxc5 {[%emt 0:01:09] The position is equal.} Nxc5 {[%emt 0:00:02] [#]} 18. Rd4 $146 ({Predecessor:} 18. Bc4 Ba4 19. b3 Be8 20. Rfe1 Kf8 21. Ne5 Rxd1 22. Rxd1 Ke7 23. f3 f6 24. Nd3 {0-1 (43) El Kher,H (2332)-Komarov,D (2582) Montecatini Terme 1999}) 18... Bc6 19. Rfd1 Rxd4 20. Rxd4 Bxf3 21. gxf3 $11 {[%emt 0:00:03][%mdl 4096] Endgame KRB-KRN} Kf8 22. c3 Ke7 23. Bc2 Nd7 24. Be4 Rc7 25. f4 ({Avoid the trap} 25. Bxh7 $2 g6 26. Rh4 Rc8 27. Bxg6 Rg8 $19) 25... g6 26. Kf1 Nf6 27. Bf3 Ne8 28. a4 Nd6 29. Be2 b6 30. Bd3 Rc5 31. Kg2 Ne8 32. Be4 Nf6 33. Bf3 Rc7 34. Kf1 Nd7 35. Ke1 Nc5 36. Bd1 Nb7 37. Bc2 Na5 38. Bd3 Nb3 39. Rc4 Rxc4 40. Bxc4 $15 {[%emt 0:00:01] KB-KN} Nc5 41. a5 {[%emt 0:00:50] This move loses the game for White.} (41. Kd2 $15) 41... bxa5 $19 {[%emt 0:00:07] Strongly threatening ...Na4.} 42. Kd2 Kf6 43. Bb5 e5 44. Ke3 exf4+ 45. Kxf4 {[%emt 0:00:02] [#]} g5+ $1 46. Kg4 Kg6 47. h4 (47. f4 $142 f5+ 48. Kg3) 47... f5+ 48. Kh3 g4+ 49. Kg3 Ne4+ 50. Kg2 Kh5 51. Bd7 f4 ({Inferior is} 51... Kxh4 52. Bxf5 Nf6 53. f3 $17) 52. Bf5 (52. f3 $142 Nc5 53. Bxg4+ Kxh4 54. Bf5) 52... Nf6 53. c4 $2 (53. f3 Kxh4 54. fxg4) 53... Kxh4 54. c5 h5 (54... f3+ $142 55. Kh2 h5) 55. c6 Nd5 {[%emt 0:00:01] [#] Hoping for ...f3+.} 56. Bd3 f3+ 57. Kh2 Kg5 58. Bc4 Nc7 59. b3 Kf4 60. Bd3 h4 61. Bg6 g3+ {[%emt 0:00:27] Black mates.} 62. Kg1 Ne6 63. Bd3 Nd4 64. c7 Ne2+ 65. Bxe2 fxe2 66. fxg3+ Kxg3 {[%emt 0:00:08] Weighted Error Value: White=0.79/Black=0.18 (very precise)} 0-1

[Event "German Rapid Championship 2022"]
[Site "Goettingen"]
[Date "2022.09.24"]
[Round "1.4"]
[White "Poetsch, Hagen"]
[Black "Karsay, Pascal"]
[Result "1-0"]
[ECO "C54"]
[WhiteElo "2491"]
[BlackElo "2269"]
[Annotator "TA"]
[PlyCount "95"]
[EventDate "2022.09.24"]
[EventType "swiss"]
[EventCountry "GER"]
[SourceTitle "playchess.com"]
[Source "ChessBase"]
[SourceQuality "1"]
[TimeControl "900+10"]

1. e4 e5 2. Nf3 Nc6 3. Bc4 Bc5 4. c3 Nf6 5. d4 exd4 6. e5 d5 7. Bb5 Ne4 8. cxd4 Bb6 9. Nc3 {[%emt 0:00:02] C54: Giuoco Piano: 4 c3 Nf6, main lines with 5 d4 and 5 d3.} Bg4 10. Be3 O-O 11. h3 {[%emt 0:00:18] The position is equal.} Bh5 12. Qc2 Ba5 {[%emt 0:01:49] 12...Nxc3 is becoming the main line.} 13. O-O Bxf3 14. gxf3 Nxd4 15. Bxd4 Bxc3 (15... Qg5+ $1 $11 {remains equal.} 16. Kh1 Bxc3 17. Bxc3 (17. bxc3 Qf5 $11) 17... Qf5) 16. bxc3 (16. Be3 $1 $16) 16... Qg5+ $1 $11 17. Kh1 Qh5 $2 (17... Qf5 $1 $11 18. Qd1 (18. fxe4 Qxh3+ 19. Kg1 Qg4+ 20. Kh2 Qh4+ 21. Kg2 Qg4+ 22. Kh2 Qh4+ 23. Kg2 Qg4+ 24. Kh2 $11) 18... Qxh3+ 19. Kg1 Ng3 20. fxg3 Qxg3+ 21. Kh1 Qh3+ 22. Kg1 Qg3+ 23. Kh1 Qh3+ 24. Kg1 Qg3+) 18. Rfc1 $2 (18. fxe4 Qxh3+ 19. Kg1 Qg4+ 20. Kh2 (20. Kh1 Qh4+ 21. Kg2 Qg4+ 22. Kh2 Qh4+ 23. Kg2 Qg4+ 24. Kh2 Qh4+ 25. Kg2 $11) 20... Qh4+ 21. Kg2 Qg4+ 22. Kh2 (22. Kh1 Qh4+ 23. Kg2 Qg4+ 24. Kh2 Qh4+ 25. Kg2 $11) 22... Qh4+ 23. Kg2 Qg4+ 24. Kh2 $11 (24. Kh1 Qh4+ 25. Kg2 $11)) (18. Bd7 $16 Qxf3+ 19. Kg1) 18... Qxh3+ (18... Qxf3+ 19. Kg1 $14) 19. Kg1 Ng5 20. Be2 {[%emt 0:00:04] Strongly threatening f4.} Qh4 (20... Nxf3+ $11 21. Bxf3 Qxf3) 21. Be3 $16 {[%emt 0:01:24] Qd2 is the strong threat.} Nh3+ 22. Kg2 Nf4+ 23. Bxf4 Qxf4 24. Rh1 {[%emt 0:00:11][%csl Gh1][%cal Rc2h7] [#]} Qg5+ $146 ({Predecessor:} 24... g6 25. Rh3 Qg5+ 26. Rg3 Qxe5 27. Rh1 Rae8 28. Bd3 Re6 29. Qd2 Rfe8 30. f4 Qg7 {1-0 (46) Erdos,V (2615)-Harutyunian,T (2552) Abu Dhabi 2021}) 25. Kf1 h6 26. Rb1 Rfe8 27. Rxb7 Rxe5 28. Rb4 {[%emt 0:00:27] And now f4 would win.} (28. Rxc7 Rae8 29. Rxa7 (29. f4 $2 Qxf4 30. Rc8 Rxc8 $19) 29... Qf6 $17) 28... Qf6 29. f4 Re6 30. Bg4 Rc6 31. Rh3 a5 32. Rb3 ({White should play} 32. Ra4 $18) 32... Qxf4 33. Qf5 Qc1+ (33... Qxf5 $16 {was worth a try.} 34. Bxf5 Rc5) 34. Kg2 $18 Rg6 35. Rg3 Rg5 36. Qb1 {[%emt 0:01:21] Chess con chili.} Qf4 37. Bf3 c6 38. Qe1 {[%emt 0:00:25] Prevents Qd2.} Re5 39. Qd1 Rae8 40. Qd4 Qf6 (40... Qxd4 $16 {might work better.} 41. cxd4 R5e6) 41. Rb6 {[%emt 0:00:18][%cal Of3d5] Threatens to win with Bxd5!} h5 $2 {[%emt 0:00:21] [#]} (41... R5e6 42. Ra6 Qxd4 43. cxd4 Rb8 44. Rxa5 Rf6) 42. Bxh5 $1 Qh6 (42... Rf5 43. Bf3) 43. Bf3 Re1 {[%emt 0:00:06][%csl Ge1][%cal Rh6h1] [#]} 44. Rh3 {[%emt 0:00:33] Prevents Qh1+.} ({Worse is} 44. Bh5 g6 45. Rh3 gxh5 46. Rg3+ Kf8 $11) 44... Rg1+ $2 {[%emt 0:00:02] [#]} (44... Qg6+ 45. Qg4 (45. Bg4 $2 R1e4 $19) 45... R1e6 46. Qxg6 Rxg6+ 47. Rg3 Rf6) 45. Kh2 $1 ({Not} 45. Kxg1 Qxh3 46. Qd1 Re6 $14) 45... Qc1 46. Qh4 Kf8 47. Qh8+ Ke7 48. Rb7+ {[%emt 0:00:01] Weighted Error Value: White=0.20 (precise) /Black=0.33} 1-0

[Event "German Rapid Championship 2022"]
[Site "Goettingen"]
[Date "2022.09.24"]
[Round "1.5"]
[White "Brustkern, Juergen"]
[Black "Lubbe, Nikolas"]
[Result "0-1"]
[ECO "A45"]
[WhiteElo "2145"]
[BlackElo "2479"]
[Annotator "TA"]
[PlyCount "42"]
[EventDate "2022.09.24"]
[EventType "swiss"]
[EventCountry "GER"]
[SourceTitle "playchess.com"]
[Source "ChessBase"]
[SourceQuality "1"]
[TimeControl "900+10"]

1. d4 Nf6 2. Bg5 c5 3. d5 d6 4. Nc3 Nbd7 5. e4 a6 6. a4 $1 {[%emt 0:00:11] Prevents b5. A45: Trompowsky Attack.} g6 7. f4 ({White should play} 7. Nf3 $16) 7... Bg7 (7... Qa5 $5 8. Qd3 Qb4 $15) 8. Nf3 {[%emt 0:00:04] [#] Black is slightly better.} h6 $146 (8... Qa5 $5 9. Qd2 Qb4 $15) ({Predecessor:} 8... Qa5 9. Nd2 h6 10. Bh4 Nh5 11. Qf3 Nxf4 12. Qxf4 g5 13. Qg3 Bf6 14. Nc4 Qb4 {0-1 (36) Sell,A (2250)-Pueschel,W (2185) Germany 2007}) 9. Bh4 Nh5 (9... Qa5 $5 10. Nd2 Nh5 $15) 10. Qd2 (10. g3 $11 {keeps the balance.}) 10... Qa5 11. Ra3 Qb4 (11... Nxf4 {with more complications.} 12. Kd1 Nh5 13. h3 g5) 12. Rb3 Bxc3 13. Rxc3 Qxb2 ({Weaker is} 13... Qxa4 14. Ra3 Qb4 15. Qxb4 cxb4 16. Ra4 $15) 14. g3 (14. Kf2 $17) 14... g5 15. fxg5 hxg5 16. Nxg5 Ne5 (16... Nhf6 $19 17. Rb3 Qa1+ 18. Qd1 Qxa4) 17. Be2 (17. Nf3 $17 {might work better.} Ng6 18. Bg2) 17... Qa1+ $19 18. Bd1 Qxa4 19. O-O {[%emt 0:00:20] [#]} Nf6 $1 20. Nf3 $2 (20. Re1 {is a better defense.}) 20... Nxe4 {[%emt 0:00:35] Pair of Knights!} 21. Qf4 (21. Qe3 $142 Nxc3 22. Qxc3) 21... Nxc3 {[%emt 0:00:20] Weighted Error Value: White=1.02/Black=0.21 (precise)} 0-1

[Event "German Rapid Championship 2022"]
[Site "Goettingen"]
[Date "2022.09.24"]
[Round "1.6"]
[White "Heider, Martin"]
[Black "Woelk, Tom-Frederic"]
[Result "1/2-1/2"]
[ECO "A05"]
[WhiteElo "2393"]
[BlackElo "2289"]
[Annotator "TA"]
[PlyCount "94"]
[EventDate "2022.09.24"]
[EventType "swiss"]
[EventCountry "GER"]
[SourceTitle "playchess.com"]
[Source "ChessBase"]
[SourceQuality "1"]
[TimeControl "900+10"]

1. Nf3 Nf6 2. b3 d5 3. Bb2 Bg4 4. e3 Nbd7 5. h3 Bh5 6. d3 {[%emt 0:00:31] A06: Réti Opening: 1 Nf3 d5.} e6 {[%emt 0:00:17] 6...h6 is vanishing.} 7. Nbd2 Bd6 8. g4 {[%emt 0:00:21] White has an edge.} Bg6 9. g5 Nh5 10. Be2 h6 11. h4 Qe7 12. c4 O-O-O {[%emt 0:02:07] next ...hxg5 is good for Black.} 13. Qc2 {[%emt 0:00:44] [#]} dxc4 $146 (13... Kb8 $11) ({Predecessor:} 13... Kb8 14. O-O-O c6 15. Rdg1 e5 16. Qd1 Bf5 17. Ne1 g6 18. e4 Be6 19. Bxh5 gxh5 20. Qxh5 hxg5 21. Qxg5 {0-1 (37) Zilka,S (2437)-Korobov,A (2530) Pardubice 2007}) 14. Nxc4 $14 Bb4+ 15. Bc3 Nc5 $2 {[%emt 0:02:22] [#]} 16. Nfe5 $1 $18 Bxc3+ 17. Qxc3 hxg5 18. Nxg6 fxg6 19. hxg5 (19. Ne5 $18 {Rc1 is the strong threat.} Nf6 20. Rc1 (20. Nxg6 Qd6 $18)) 19... Qxg5 $11 20. O-O-O Qf6 21. Qe5 Qe7 (21... Qxf2 $2 22. Qxc5 Kb8 23. Bxh5 Rxh5 24. Rxh5 gxh5 25. Qg5 $18 (25. Qxh5 Qxa2 26. Qg5 Kc8 $18)) 22. Rhg1 {[%emt 0:01:06][%mdl 1024] White has compensation.} Rd5 ({Black should try} 22... Rh6 $11) 23. Qc3 {[%emt 0:00:11] White is more active.} Rf5 24. f4 (24. Ne5 $5 Rh6 25. f4 $14 (25. Nxg6 Qd6 $14) (25. Rxg6 Nf6 $14)) 24... Rf6 $2 (24... Nf6 $11) 25. Ne5 Nd7 26. Nxg6 Qa3+ 27. Kb1 Rh6 {[%emt 0:00:04] [#]} 28. Rc1 $1 c6 29. Ne5 Nxe5 30. Qxe5 {[%emt 0:00:18] And now Rg5 would win.} Rf5 31. Qb2 (31. Qc3 $16) 31... Qxb2+ $14 32. Kxb2 Rf7 33. Rh1 Ng3 34. Rxh6 gxh6 $11 {[%emt 0:00:01][%mdl 4096] Endgame KRB-KRN} 35. Bg4 Kd7 36. Rg1 Nf5 37. Bxf5 exf5 {[%emt 0:00:02] KR-KR} 38. Rh1 Re7 39. Rh3 Re6 40. Kc3 Rg6 ({Black should play} 40... Ke7 $14) 41. Kd4 $16 {[%emt 0:00:11] Strongly threatening Ke5.} Ke6 {[%emt 0:00:09] [#]} (41... Rd6+ $16 {was worth a try.} 42. Ke5 Rd5+ 43. Kf6 Rxd3) 42. e4 $1 $18 Rf6 43. Ke3 Kf7 44. Kd4 (44. e5 $16 Re6 45. b4) 44... fxe4 45. Kxe4 Re6+ {[%emt 0:00:05] The position is equal.} 46. Kf5 Rf6+ 47. Ke5 Re6+ {[%emt 0:00:00] Weighted Error Value: White=0.23 (precise) /Black=0.32} 1/2-1/2

[Event "German Rapid Championship 2022"]
[Site "Goettingen"]
[Date "2022.09.24"]
[Round "1.7"]
[White "Laux, Dominik"]
[Black "Krastev, Alexander"]
[Result "0-1"]
[ECO "A45"]
[WhiteElo "2248"]
[BlackElo "2431"]
[Annotator "TA"]
[PlyCount "72"]
[EventDate "2022.09.24"]
[EventType "swiss"]
[EventCountry "GER"]
[SourceTitle "playchess.com"]
[Source "ChessBase"]
[SourceQuality "1"]
[TimeControl "900+10"]

1. d4 Nf6 2. Bg5 c5 3. Bxf6 gxf6 4. d5 Bg7 5. c4 f5 6. Qc2 {[%emt 0:00:18] A45: Trompowsky Attack.} b5 7. cxb5 a6 8. e3 {[%emt 0:00:47] The position is equal.} O-O 9. Nc3 (9. Qxc5 $2 Bxb2 10. Nd2 Bxa1 $19) (9. Qxf5 d6 10. Qc2 (10. Qg5 axb5 11. Nc3 h6 $15) 10... axb5 $15) 9... Qa5 10. a4 e6 {[%emt 0:03:18] [#]} 11. Rd1 $146 {[%emt 0:02:16] Strongly threatening Nf3.} ({Predecessor:} 11. d6 axb5 12. Bxb5 Ba6 13. Rb1 Nc6 14. Nge2 Bxb5 15. axb5 Na7 16. O-O Nxb5 17. Qd3 {0-1 (48) Stiller,J (2125)-Ewald,A (2125) Bayern 2001}) 11... Bb7 12. Bc4 (12. dxe6 $11 fxe6 13. Nf3) 12... axb5 (12... Qb4 $15 13. Qb3 Qxb3 14. Bxb3 Bxc3+ 15. bxc3 axb5 16. axb5 Ra3) 13. axb5 (13. Bxb5 $11 Bxd5 14. Nf3) 13... Qb4 $17 14. Qb3 Ra4 15. Qxb4 $2 (15. Nge2 $14 Qxb3 16. Bxb3) 15... Rxb4 {[%emt 0:00:01][%cal Ba4b4,Bb4b5,Bb5a5][%mdl 32] White is now going downhill.} 16. Bd3 {[%emt 0:00:20] [#]} (16. dxe6 $2 Rxc4 17. exd7 Rd8 $19) 16... c4 $1 $36 {[%emt 0:02:14][%mdl 2048] Keeping White busy. Black is more active.} ({Weaker is} 16... Rxb2 17. Nge2 $17) 17. Bb1 Bxc3+ {[%emt 0:00:41][%mdl 64] Remove Defender} ({Worse is} 17... Rxb2 18. Nge2 $17) 18. bxc3 Rxb5 19. Nf3 Bxd5 20. Nd4 Ra5 ({Much less strong is} 20... Bxg2 21. Rg1 Rb2 22. Rxg2+ Kh8 23. Kf1 $16) 21. O-O Nc6 22. f3 Ne5 23. e4 fxe4 24. fxe4 (24. Bxe4 $17 Bxe4 25. fxe4) 24... Bc6 $19 25. Rd2 Rb8 26. Nf3 Nxf3+ 27. gxf3 Rb3 28. f4 (28. Rc2 {was worth a try.}) 28... Rxc3 29. e5 h6 30. Re1 Rf3 31. Be4 Rxf4 32. Bxc6 dxc6 33. Rd8+ Kg7 {[%emt 0:00:12] Black is clearly winning.} 34. Kh1 Rf5 35. h4 (35. Rd4 $142) 35... Raxe5 36. Rg1+ Kf6 {Weighted Error Value: White=0.40/Black=0.13 (very precise)} 0-1

[Event "German Rapid Championship 2022"]
[Site "Goettingen"]
[Date "2022.09.24"]
[Round "1.8"]
[White "Feuerstack, Aljoscha"]
[Black "Hagner, Bennet"]
[Result "1-0"]
[ECO "C77"]
[WhiteElo "2464"]
[BlackElo "2253"]
[Annotator "TA"]
[PlyCount "61"]
[EventDate "2022.09.24"]
[EventType "swiss"]
[EventCountry "GER"]
[SourceTitle "playchess.com"]
[Source "ChessBase"]
[SourceQuality "1"]
[TimeControl "900+10"]

1. e4 e5 2. Nf3 Nc6 3. Bb5 a6 4. Ba4 Nf6 5. Nc3 Bc5 (5... b5 $5 6. Bb3 $8 Be7 $11) 6. Bxc6 {[%emt 0:00:24] C77: Ruy Lopez: 3...a6 4 Ba4 Nf6, unusual lines.} dxc6 7. d3 O-O {[%emt 0:00:35] [#]} 8. Bg5 $146 {[%emt 0:03:22] The position is equal.} ({Predecessor:} 8. Qe2 Re8 9. h3 Nd7 10. Nd1 Nf8 11. Ne3 {½-½ (11) Rapport,R (2675)-Ding,L (2777) Tbilisi 2017}) 8... h6 9. Bh4 (9. Be3 $5 Bd4 10. O-O $11) 9... Re8 10. Qd2 Bg4 11. O-O-O (11. Qd1 $11) 11... Qd6 ({Black should try} 11... Bb4 $1 $17) 12. h3 Bxf3 13. gxf3 Nh5 14. Ne2 a5 15. Rhg1 Kh7 16. f4 exf4 17. d4 {[%emt 0:00:20] Threatens to win with Qd3.} f3 $2 (17... Bb6 $11 {and Black has nothing to worry.}) 18. e5 $2 (18. Ng3 $1 $18 Bxd4 19. Nxh5 (19. Qxd4 Qxd4 20. Rxd4 Nf4 $16) 19... Rxe4 20. Rg4 Rxg4 21. hxg4) 18... Qe6 $11 19. Qd3+ g6 20. Qxf3 Bb4 21. a3 Be7 22. Bxe7 Rxe7 23. Nc3 Rd8 24. Kb1 (24. Ne4 $14) 24... Red7 25. Qe3 Qc4 (25... Ng7 $11 {remains equal.}) 26. Rg4 {[%emt 0:00:13] Ne4 is the strong threat.} f5 {[%emt 0:00:17] [#] Inhibits Ne4.} 27. exf6 $1 Nxf6 {[%emt 0:00:01] [#]} 28. Rh4 $36 {[%emt 0:00:01][%mdl 2048] Black is under strong pressure.} h5 29. Rg1 {[%emt 0:00:23] aiming for Ne4.} Rxd4 (29... Re8 $16 30. Qg5 Qf7) 30. Qe7+ Kh6 31. Qxf6 {[%emt 0:00:03] Weighted Error Value: White=0.19 (very precise) /Black=0.47} 1-0

[Event "German Rapid Championship 2022"]
[Site "Goettingen"]
[Date "2022.09.24"]
[Round "1.9"]
[White "Knuedel, Torben"]
[Black "Langheinrich, Ferenc"]
[Result "1-0"]
[ECO "B12"]
[WhiteElo "2221"]
[BlackElo "2366"]
[Annotator "TA"]
[PlyCount "59"]
[EventDate "2022.09.24"]
[EventType "swiss"]
[EventCountry "GER"]
[SourceTitle "playchess.com"]
[Source "ChessBase"]
[SourceQuality "1"]
[TimeControl "900+10"]

1. e4 c6 2. d4 d5 3. f3 e6 4. Be3 Nf6 5. e5 Nfd7 6. f4 c5 7. c3 Qb6 8. Qd2 Nc6 9. Nf3 {[%emt 0:00:02] B12: Caro-Kann: Advance Variation.} a5 {[%emt 0:00:06] [#]} 10. Bd3 $146 ({Predecessor:} 10. Be2 Be7 11. O-O f5 12. Bf2 O-O 13. c4 dxc4 14. Na3 Nxd4 15. Nxd4 c3 16. Qxc3 cxd4 17. Bxd4 {1-0 (47) Halwick,F (2430)-Neven,K (2375) IECG email 1997}) 10... g6 11. h4 (11. a4 $14 {might be stronger.}) 11... h5 12. Ng5 Be7 13. O-O a4 ({Don't do} 13... cxd4 14. cxd4 Ndb8 15. Nc3 $16) 14. Na3 Qa5 (14... c4 $14 15. Be2 Qa6) 15. Qf2 {[%emt 0:00:19] White has more active pieces. The black rooks are badly placed.} (15. Qc2 $16) 15... Rb8 {[%emt 0:00:35] [#]} ({Black should try} 15... cxd4 $1 $14 16. cxd4 Nb4) 16. Nxf7 $1 Kxf7 {[%emt 0:00:44] [#]} 17. Bxg6+ $1 {[%emt 0:00:07][%mdl 576] Decoy} Kxg6 18. f5+ Kf7 {[%emt 0:00:01][%cal Od7e5] Hoping for ...Ndxe5!} (18... Kh7 $2 19. f6 Bxf6 20. exf6 $18) 19. fxe6+ Ke8 20. Qf7+ Kd8 {[%emt 0:00:01] Strongly threatening ...cxd4.} 21. exd7 {[%emt 0:00:36] Really sharp!} Bxd7 22. Bg5 $2 ({Better is} 22. Qxd5 $18 cxd4 23. Nb5 $1) 22... cxd4 $2 (22... Bxg5 $1 $11 23. hxg5 Re8) 23. e6 $1 $16 Be8 (23... dxc3 $16 {is more resistant.} 24. exd7 Qc5+ 25. Rf2 cxb2) 24. Qg7 $1 $18 Bxg5 25. hxg5 ({Stronger than} 25. Qxh8 Be7 26. Rad1 Kc7 27. cxd4 (27. Qg7 dxc3 28. Qxc3 Qc5+ 29. Kh1 Kb6 $17) 27... Kb6 $15) 25... dxc3 26. Qxh8 {[%emt 0:00:30] Rf7 is the strong threat.} Qb6+ 27. Kh1 Qxb2 {[%emt 0:00:01] [#]} 28. Qf6+ (28. Rf7 $142 $1 Ne7 {[#]} 29. Qe5 $1 Qb6 30. Qxb8+ Nc8 31. Rxb7 Qd6 32. e7+ Qxe7 33. Rxe7) 28... Kc8 29. Qf8 {[%emt 0:01:15][%cal Of1f7] Threatening mate with Rf7!} Kc7 30. Rab1 {[%emt 0:00:19] Weighted Error Value: White=0.26 (precise) /Black=0.98} 1-0

[Event "German Rapid Championship 2022"]
[Site "Goettingen"]
[Date "2022.09.24"]
[Round "1.10"]
[White "Muckle, Julius"]
[Black "Philipp, Mathias"]
[Result "1-0"]
[ECO "A95"]
[WhiteElo "2401"]
[BlackElo "2158"]
[Annotator "TA"]
[PlyCount "71"]
[EventDate "2022.09.24"]
[EventType "swiss"]
[EventCountry "GER"]
[SourceTitle "playchess.com"]
[Source "ChessBase"]
[SourceQuality "1"]
[TimeControl "900+10"]

1. d4 f5 2. c4 Nf6 3. Nc3 e6 4. g3 d5 5. Nf3 c6 6. Bg2 Be7 7. O-O O-O 8. Rb1 a5 {[%emt 0:01:13] A95: Classical Dutch: Classical Stonewall: 7 Nc3 c6.} 9. a3 Ne4 10. Qc2 Bd7 {[%emt 0:00:45] The position is equal.} 11. b4 (11. Ne5 {with more complications.} Bf6 12. Be3 Be8 13. cxd5 cxd5 14. Nxe4 dxe4 15. Qb3) 11... axb4 12. axb4 {[#]} Nxc3 $146 (12... Be8 $11) ({Predecessor:} 12... Na6 13. b5 Nb4 14. Qb3 Nxc3 15. Qxc3 Na2 16. Qb3 dxc4 17. Qxc4 cxb5 18. Qb3 Nxc1 19. Rfxc1 {1-0 (77) Dehmel,J (2075)-Uhlarz,J (1743) Dresden 2016}) 13. Qxc3 $14 b5 14. c5 Be8 15. Ne5 (15. Bf4 $16) 15... Qc7 16. h4 h6 17. Bf4 {[%emt 0:01:11][%cal Oe5g6] Hoping for Ng6!} g5 {[%emt 0:00:10] [#]} 18. hxg5 (18. Bd2 $142 $1) 18... hxg5 $16 19. Bd2 {[%emt 0:00:01] White is more active.} Bh5 20. Bf3 g4 21. Bg2 $36 {[%emt 0:00:41][%mdl 2048] White has strong initiative.} Nd7 22. Bf4 Qb7 23. Qe3 Bf6 24. Ra1 ({Much worse is} 24. Bh6 $6 Rfe8 $11) 24... Kh7 {[%emt 0:00:55] [#]} (24... Nxe5 $16 25. Bxe5 Bxe5 26. Qxe5 Kf7) 25. Nd3 $1 $18 {[%emt 0:00:37] Black must now prevent Rxa8.} Bf7 26. Bg5 Bg7 27. f3 gxf3 28. Bxf3 ({Much weaker is} 28. exf3 $6 Rxa1 29. Rxa1 Ra8 30. Rxa8 Qxa8 $11) 28... Rxa1 29. Rxa1 Ra8 30. Rf1 Nf8 (30... Rh8 $16 {is a better defense.}) 31. Ne5 Kg8 32. Kg2 Ng6 $2 (32... Be8 33. Rh1 Qc7) 33. Nxg6 {[%emt 0:00:36] White is clearly winning.} Bxg6 34. Qxe6+ Bf7 35. Qxf5 {[%emt 0:00:03] And now Rh1 would win.} Re8 (35... Qc8 $142 36. Qxc8+ Rxc8) 36. Bf6 {[%emt 0:00:37] Weighted Error Value: White=0.18 (very precise) /Black=0.35} 1-0